Devils vs Senateurs

Created - April 28, 2023 at 07:22

Goals
1 2 3 T
Devils 0 2 1 3
Senateurs 0 0 2 2
Shots
1 2 3 T
Devils 11 17 8 36
Senateurs 5 6 13 24

1st period

No Goal

Penalties :
Eric Tangradi (N.J) for Slashing (Minor) at 7:14, David Backes (Ott) for Holding (Minor) at 12:12

2nd period

1. Devils , Nazem Kadri 31 (Tyler Ennis 53, Thomas Hickey 9) at 13:45 (PP)
2. Devils , Tyler Ennis 40 (Anton Stralman 30, Nazem Kadri 53) at 16:27

Penalties :
Ladislav Smid (Ott) for Hooking (Minor) at 13:31, Anton Stralman (N.J) for Cross-checking (Minor) at 13:58, Rostislav Olesz (Ott) for High sticking (Minor) at 17:04

3rd period

3. Senateurs , Eric Gelinas 4 (Brandon Sutter 23) at 0:48 (SH)
4. Devils , Jonathan Huberdeau 21 (Aleksander Barkov 24, Kristopher Letang 24) at 12:27
5. Senateurs , Tim Schaller 10 (Peter Regin 5, Taylor Chorney 22) at 14:16

Penalties :
Michael Frolik (Ott) for Holding (Minor) at 0:27, Marian Gaborik (N.J) for Slashing (Minor) at 5:55

Goalie Stats

Maxime Daigneault (N.J), 22 saves from 24 shots - (0.917), W, 35-14-3, 60:00 minutes
Jaroslav Halak (Ott), 33 saves from 36 shots - (0.917), L, 9-12-1, 58:50 minutes

Players Stats for Devils

Player Name              G  A  P  +/- PIM S  H  SB GA TA FO     MP     PP MP  PK MP  
------------------------------------------------------------------------------------
Aleksander Barkov        0  1  1   1  0   3  0  0  0  0  8/16   17:04   2:57   1:07 
Anton Lander             0  0  0   0  0   3  1  0  0  1  5/8    12:39   0:00   3:09 
Anton Stralman           0  1  1   2  2   0  4  0  0  1  0/0    19:55   0:00   2:28 
Brandon Carlo            0  0  0  -1  0   0  0  1  0  1  0/0    20:57   0:00   2:29 
Brayden Point            0  0  0  -1  0   1  2  1  0  0  4/5    11:31   0:00   0:00 
Eric Tangradi            0  0  0  -1  2   2  1  0  2  0  0/0    13:52   0:00   2:19 
Jason Pominville         0  0  0  -1  0   0  2  0  1  0  0/0    12:32   0:00   1:01 
Jonathan Huberdeau       1  0  1   1  0   3  1  1  0  0  0/0    17:41   2:57   2:20 
Kristopher Letang        0  1  1   1  0   3  1  0  0  0  0/0    22:46   3:39   1:23 
Logan Shaw               0  0  0   0  0   3  3  0  0  0  0/0     8:03   0:00   0:00 
Marian Gaborik           0  0  0   0  2   0  0  0  0  1  0/0    17:40   3:14   0:00 
Matt Donovan             0  0  0   0  0   0  1  1  0  0  0/0    17:31   2:32   3:37 
Michael Del Zotto        0  0  0  -2  0   4  2  2  0  0  0/0    23:51   3:39   1:29 
Nazem Kadri              1  1  2   0  0   4  1  0  1  0  11/22  18:19   3:14   0:40 
Nick Palmieri            0  0  0   1  0   1  0  0  0  0  1/2    16:33   2:57   0:00 
Sven Baertschi           0  0  0   0  0   0  0  0  0  0  0/0     8:56   0:00   0:38 
Thomas Hickey            0  1  1   0  0   0  2  0  1  1  0/0    14:39   2:32   0:28 
Tyler Ennis              1  1  2   0  0   9  2  0  0  0  0/0    19:31   3:14   0:40 

Players Stats for Senateurs

Player Name              G  A  P  +/- PIM S  H  SB GA TA FO     MP     PP MP  PK MP  
------------------------------------------------------------------------------------
Brandon Sutter           0  1  1   1  0   1  1  0  0  1  16/31  22:50   3:02   3:16 
David Backes             0  0  0   0  2   4  3  0  2  0  0/0    19:06   3:02   0:00 
Derick Brassard          0  0  0   1  0   1  2  2  0  0  0/1    22:59   3:02   3:54 
Eric Gelinas             1  0  1   0  0   3  3  2  0  0  0/0    25:20   2:26   3:06 
Erik Haula               0  0  0   0  0   2  2  0  0  1  2/11   17:32   2:55   3:12 
Garnet Hathaway          0  0  0   0  0   1  2  0  0  1  0/0     7:15   0:00   0:00 
Jordan Martinook         0  0  0   0  0   1  0  0  0  0  0/0     7:57   0:00   0:13 
Jordan Schmaltz          0  0  0   0  0   0  1  1  1  0  0/0    13:18   0:29   0:00 
Ladislav Smid            0  0  0   0  2   2  3  0  0  0  0/0    25:19   2:26   3:06 
Linden Vey               0  0  0   0  0   0  0  0  0  0  1/1     7:15   0:00   0:00 
Michael Frolik           0  0  0   0  2   3  2  0  0  0  2/2    14:17   2:55   0:00 
Ole-Kristian Tollefsen   0  0  0   0  0   2  2  3  1  0  0/0    22:37   3:02   3:05 
Peter Regin              0  1  1  -1  0   0  2  0  0  0  2/5    12:40   0:00   0:00 
Riley Sheahan            0  0  0  -1  0   0  1  1  0  0  0/0    12:40   0:00   0:00 
Rostislav Olesz          0  0  0   0  2   1  0  0  0  0  1/2    16:35   2:55   1:47 
Ryan Parent              0  0  0   0  0   1  2  2  0  1  0/0    12:03   0:29   0:00 
Taylor Chorney           0  1  1   0  0   0  1  1  1  1  0/0    21:22   3:02   3:05 
Tim Schaller             1  0  1  -1  0   2  0  0  0  0  0/0    12:40   0:00   0:00 

3 Stars

1 - Tyler Ennis (N.J)
2 - Nazem Kadri (N.J)
3 - Jonathan Huberdeau (N.J)

Power Play

Devils - 1 on 4 Attempt(s) - 25.00%
Senateurs - 0 on 3 Attempt(s) - 0.00%

Penalty Kill

Devils - 3 on 3 Attempt(s) - 100.00% - Score 0 goal in Penalty Kill
Senateurs - 3 on 4 Attempt(s) - 75.00% - Score 1 goal in Penalty Kill

Team Stat

Devils - Hits : 23 - Faceoff Wins : 29 - Blocked Shots : 6 - Penalty Minutes : 6
Senateurs - Hits : 27 - Faceoff Wins : 24 - Blocked Shots : 12 - Penalty Minutes : 8

Official

Referees : Gord Dwyer and Brandon Blandina
Linesman : Scott Cherrey and Mark Shewchyk

Game Notes

No Game Note

Finance

Level 1 -- Attendance: 6000 (100.00%) -- Ticket Income $600,000
Level 2 -- Attendance: 4763 (95.26%) -- Ticket Income $285,780
Level 3 -- Attendance: 1909 (95.45%) -- Ticket Income $66,815
Level 4 -- Attendance: 4000 (100.00%) -- Ticket Income $100,000
Luxury Box -- Attendance: 1000 (100.00%) -- Ticket Income $200,000
Game was played at the Centre Canadian Tire.
Total Attendance: 17672 (98.18%)
Total Ticket Income: $1,252,595
Other Income: $187,889
Total Income: $1,440,484

Devils

5 vs 5 Forward 
   Center                   Left Wing                Right Wing               Time % Phy DF OF 
 1 Nazem Kadri              Tyler Ennis              Marian Gaborik           34     0   2  3  
 2 Aleksander Barkov        Jonathan Huberdeau       Nick Palmieri            30     0   2  3  
 3 Brayden Point            Eric Tangradi            Jason Pominville         26     0   2  3  
 4 Anton Lander             Sven Baertschi           Logan Shaw               10     0   3  2  

5 vs 5 Defense 
   Defense                  Defense                                           Time % Phy DF OF 
 1 Kristopher Letang        Anton Stralman                                    38     0   3  2  
 2 Michael Del Zotto        Brandon Carlo                                     36     0   3  2  
 3 Matt Donovan             Thomas Hickey                                     26     0   3  2  
 4 Kristopher Letang        Anton Stralman                                    0      0   3  2  

PowerPlay Forward 
   Center                   Left Wing                Right Wing               Time % Phy DF OF 
 1 Nazem Kadri              Tyler Ennis              Marian Gaborik           60     0   1  4  
 2 Aleksander Barkov        Jonathan Huberdeau       Nick Palmieri            40     0   1  4  

PowerPlay Defense
   Defense                  Defense                                           Time % Phy DF OF 
 1 Kristopher Letang        Michael Del Zotto                                 60     0   2  3  
 2 Matt Donovan             Thomas Hickey                                     40     0   2  3  

Penalty Kill 4 Players Forward 
   Center                   Wing                     Time % Phy DF OF 
 1 Anton Lander             Eric Tangradi            65     1   3  1  
 2 Nazem Kadri              Tyler Ennis              35     1   3  1  

Penalty Kill 4 Players Defense
   Defense                  Defense                  Time % Phy DF OF 
 1 Anton Stralman           Brandon Carlo            60     1   4  0  
 2 Michael Del Zotto        Matt Donovan             40     1   4  0  

Penalty Kill - 3 Players Forward 
   Forward                                           Time % Phy DF OF 
 1 Nazem Kadri                                       60     1   3  1  
 2 Aleksander Barkov                                 40     1   3  1  

Penalty Kill - 3 Players Defense
   Defense                  Defense                  Time % Phy DF OF 
 1 Kristopher Letang        Michael Del Zotto        60     1   4  0  
 2 Anton Stralman           Matt Donovan             40     1   4  0  

4 vs 4 Forward 
   Center                   Wing                     Time % Phy DF OF 
 1 Nazem Kadri              Tyler Ennis              60     0   2  3  
 2 Aleksander Barkov        Jonathan Huberdeau       40     0   2  3  

4 vs 4 Defense
   Defense                  Defense                  Time % Phy DF OF 
 1 Kristopher Letang        Anton Stralman           60     0   3  2  
 2 Michael Del Zotto        Matt Donovan             40     0   3  2  

Last Minutes Offensive
   Center                   Left Wing                Right Wing               Defense                  Defense                  
   Nazem Kadri              Tyler Ennis              Nick Palmieri            Kristopher Letang        Michael Del Zotto        

Last Minutes Defensive
   Center                   Left Wing                Right Wing               Defense                  Defense                  
   Anton Lander             Tyler Ennis              Nick Palmieri            Brandon Carlo            Anton Stralman           

Goaltenders
Starting : Maxime Daigneault        
Backup : Tyler Weiman             

Extra Forwards
Normal : Brayden Point, Jason Pominville, Aleksander Barkov - PP : Brayden Point, Jason Pominville - PK : Jason Pominville
Extra Defensemen
Normal : Matt Donovan, Brandon Carlo, Thomas Hickey - PP : Thomas Hickey - PK : Matt Donovan, Brandon Carlo
Penalty Shots
Tyler Ennis, Nazem Kadri, Nick Palmieri, Aleksander Barkov, Brayden Point

Scratches
None

Senateurs

5 vs 5 Forward 
   Center                   Left Wing                Right Wing               Time % Phy DF OF 
 1 Brandon Sutter           Derick Brassard          David Backes             40     0   2  3  
 2 Erik Haula               Rostislav Olesz          Michael Frolik           30     0   2  3  
 3 Peter Regin              Tim Schaller             Riley Sheahan            25     1   2  2  
 4 Linden Vey               Jordan Martinook         Garnet Hathaway          5      1   2  2  

5 vs 5 Defense 
   Defense                  Defense                                           Time % Phy DF OF 
 1 Eric Gelinas             Ladislav Smid                                     40     1   2  2  
 2 Taylor Chorney           Ole-Kristian Tollefsen                            30     1   2  2  
 3 Ryan Parent              Jordan Schmaltz                                   20     1   2  2  
 4 Eric Gelinas             Ladislav Smid                                     10     1   2  2  

PowerPlay Forward 
   Center                   Left Wing                Right Wing               Time % Phy DF OF 
 1 Brandon Sutter           Derick Brassard          David Backes             50     1   1  3  
 2 Erik Haula               Rostislav Olesz          Michael Frolik           50     1   1  3  

PowerPlay Defense
   Defense                  Defense                                           Time % Phy DF OF 
 1 Eric Gelinas             Ladislav Smid                                     50     1   1  3  
 2 Taylor Chorney           Ole-Kristian Tollefsen                            50     1   1  3  

Penalty Kill 4 Players Forward 
   Center                   Wing                     Time % Phy DF OF 
 1 Brandon Sutter           Derick Brassard          50     1   3  1  
 2 Erik Haula               Rostislav Olesz          50     1   3  1  

Penalty Kill 4 Players Defense
   Defense                  Defense                  Time % Phy DF OF 
 1 Eric Gelinas             Ladislav Smid            50     1   3  1  
 2 Taylor Chorney           Ole-Kristian Tollefsen   50     1   3  1  

Penalty Kill - 3 Players Forward 
   Forward                                           Time % Phy DF OF 
 1 Brandon Sutter                                    50     1   3  1  
 2 Erik Haula                                        50     1   3  1  

Penalty Kill - 3 Players Defense
   Defense                  Defense                  Time % Phy DF OF 
 1 Eric Gelinas             Ladislav Smid            50     1   3  1  
 2 Taylor Chorney           Ole-Kristian Tollefsen   50     1   3  1  

4 vs 4 Forward 
   Center                   Wing                     Time % Phy DF OF 
 1 Brandon Sutter           Derick Brassard          60     0   2  3  
 2 Erik Haula               Rostislav Olesz          40     1   2  2  

4 vs 4 Defense
   Defense                  Defense                  Time % Phy DF OF 
 1 Eric Gelinas             Ladislav Smid            60     1   2  2  
 2 Taylor Chorney           Ole-Kristian Tollefsen   40     1   2  2  

Last Minutes Offensive
   Center                   Left Wing                Right Wing               Defense                  Defense                  
   Brandon Sutter           Derick Brassard          David Backes             Eric Gelinas             Ladislav Smid            

Last Minutes Defensive
   Center                   Left Wing                Right Wing               Defense                  Defense                  
   Brandon Sutter           Derick Brassard          David Backes             Eric Gelinas             Ladislav Smid            

Goaltenders
Starting : Jaroslav Halak           
Backup : Brian Elliott            

Extra Forwards
Normal : Brandon Sutter, Erik Haula, Riley Sheahan - PP : Brandon Sutter, Erik Haula - PK : Brandon Sutter
Extra Defensemen
Normal : Ole-Kristian Tollefsen, Ryan Parent, Jordan Schmaltz - PP : Ole-Kristian Tollefsen - PK : Ole-Kristian Tollefsen, Ryan Parent
Penalty Shots
Erik Haula, Michael Frolik, Derick Brassard, Riley Sheahan, Brandon Sutter

Scratches
Anthony Bitetto (Healthy), Chris Stewart (Healthy), Cody Eakin (Right Wrist Injury), Jared Cowen (Bruised Left Arm Injury), Jeff Woywitka (Healthy)
Sean Bergenheim (Suspend)

% Time on Ice - Devils

Lines # - Real PCT - Wanted PCT - Time Play
Normal Forward
1 - 32% - 34% - 14:42
2 - 27% - 30% - 12:24
3 - 25% - 26% - 11:31
4 - 17% - 10% - 8:03
Normal Defense
1 - 39% - 38% - 18:18
2 - 36% - 36% - 16:55
3 - 24% - 26% - 11:09
4 - 1% - 0% - 0:18
PP Forward
1 - 52% - 60% - 3:14
2 - 48% - 40% - 2:57
PP Defense
1 - 59% - 60% - 3:39
2 - 41% - 40% - 2:32
PK Forward
1 - 89% - 65% - 5:17
2 - 11% - 35% - 0:40
PK Defense
1 - 75% - 60% - 4:27
2 - 25% - 40% - 1:30
PK3 Forward
1 - 0% - 60%
2 - 0% - 40%
PK3 Defense
1 - 0% - 60%
2 - 0% - 40%
44 Forward
1 - 0% - 60%
2 - 0% - 40%
44 Defense
1 - 0% - 60%
2 - 0% - 40%
Last Minute Offensive  - 0:00
Last Minute Defensive  - 1:12
Total
Forward - 60:00
Defense - 60:00

% Time on Ice - Senateurs

Lines # - Real PCT - Wanted PCT - Time Play
Normal Forward
1 - 32% - 40% - 14:48
2 - 26% - 30% - 11:54
3 - 27% - 25% - 12:40
4 - 16% - 5% - 7:15
Normal Defense
1 - 39% - 40% - 18:13
2 - 33% - 30% - 15:15
3 - 25% - 20% - 11:34
4 - 3% - 10% - 1:35
PP Forward
1 - 51% - 50% - 3:02
2 - 49% - 50% - 2:55
PP Defense
1 - 49% - 50% - 2:55
2 - 51% - 50% - 3:02
PK Forward
1 - 45% - 50% - 2:46
2 - 55% - 50% - 3:25
PK Defense
1 - 50% - 50% - 3:06
2 - 50% - 50% - 3:05
PK3 Forward
1 - 0% - 50%
2 - 0% - 50%
PK3 Defense
1 - 0% - 50%
2 - 0% - 50%
44 Forward
1 - 0% - 60%
2 - 0% - 40%
44 Defense
1 - 0% - 60%
2 - 0% - 40%
Last Minute Offensive  - 1:15
Last Minute Defensive  - 0:00
Total
Forward - 60:00
Defense - 60:00

Play-by-Play

1st period


0:01 of 1st period - Nazem Kadri wins face-off versus Brandon Sutter in neutral zone.
0:06 of 1st period - Snap shot by Tyler Ennis.
0:06 of 1st period - Stopped by Jaroslav Halak without a rebound.
0:07 of 1st period - Nazem Kadri wins face-off versus Brandon Sutter in Senateurs zone.
0:50 of 1st period - Snap shot by Derick Brassard.
0:50 of 1st period - Shot Misses the Net.
0:52 of 1st period - Snap shot by David Backes.
0:52 of 1st period - Shot Misses the Net.
0:54 of 1st period - Slapshot by Eric Gelinas.
0:54 of 1st period - Stopped by Maxime Daigneault without a rebound.
0:55 of 1st period - Aleksander Barkov wins face-off versus Erik Haula in Devils zone.
1:00 of 1st period - Erik Haula is hit by Jonathan Huberdeau and loses puck.
1:11 of 1st period - Snap shot by Nick Palmieri.
1:11 of 1st period - Shot Blocked by Taylor Chorney.
1:21 of 1st period - Rostislav Olesz is hit by Logan Shaw and loses puck.
3:47 of 1st period - Jordan Schmaltz is hit by Anton Stralman and loses puck.
3:58 of 1st period - Slapshot by Garnet Hathaway.
3:58 of 1st period - Shot Misses the Net.
4:16 of 1st period - Snap shot by Garnet Hathaway.
4:16 of 1st period - Shot Misses the Net.
4:18 of 1st period - Slapshot by Ryan Parent.
4:18 of 1st period - Stopped by Maxime Daigneault without a rebound.
4:19 of 1st period - Brayden Point wins face-off versus Derick Brassard in Devils zone.
4:30 of 1st period - Off-side.
4:31 of 1st period - Peter Regin wins face-off versus Aleksander Barkov in neutral zone.
5:06 of 1st period - Slapshot by Peter Regin.
5:06 of 1st period - Shot Blocked by Brayden Point.
5:08 of 1st period - Wrist shot by Riley Sheahan.
5:08 of 1st period - Shot Misses the Net.
5:16 of 1st period - Snap shot by Tim Schaller.
5:16 of 1st period - Shot Blocked by Michael Del Zotto.
5:34 of 1st period - Slapshot by Tim Schaller.
5:34 of 1st period - Shot Misses the Net.
5:45 of 1st period - Brandon Carlo is hit by Peter Regin and loses puck.
7:12 of 1st period - Snap shot by Riley Sheahan.
7:12 of 1st period - Shot Misses the Net.
7:14 of 1st period - Minor Penalty to Eric Tangradi for Slashing.
7:15 of 1st period - Anton Lander wins face-off versus Brandon Sutter in Devils zone.
7:24 of 1st period - Matt Donovan is hit by David Backes and loses puck.
7:48 of 1st period - Anton Lander is hit by Erik Haula and loses puck.
8:52 of 1st period - Jordan Schmaltz is hit by Anton Stralman and loses puck.
8:59 of 1st period - Anton Stralman is hit by Michael Frolik and loses puck.
9:14 of 1st period - Penalty to Eric Tangradi is over, Eric Tangradi is back on ice.
9:31 of 1st period - Tyler Ennis is hit by Garnet Hathaway and loses puck.
9:53 of 1st period - Thomas Hickey is hit by Garnet Hathaway and loses puck.
10:06 of 1st period - Jordan Schmaltz is hit by Thomas Hickey and loses puck.
10:17 of 1st period - Wrist shot by Tyler Ennis.
10:17 of 1st period - Stopped by Jaroslav Halak with a rebound.
10:23 of 1st period - Slapshot by Nazem Kadri.
10:23 of 1st period - Shot Misses the Net.
10:25 of 1st period - Slapshot by Michael Del Zotto.
10:25 of 1st period - Stopped by Jaroslav Halak with a rebound.
10:27 of 1st period - Slapshot by Aleksander Barkov.
10:27 of 1st period - Stopped by Jaroslav Halak without a rebound.
10:28 of 1st period - Brandon Sutter wins face-off versus Aleksander Barkov in Senateurs zone.
10:43 of 1st period - Snap shot by Derick Brassard.
10:43 of 1st period - Stopped by Maxime Daigneault without a rebound.
10:44 of 1st period - Anton Lander wins face-off versus Erik Haula in Devils zone.
11:01 of 1st period - Snap shot by Erik Haula.
11:01 of 1st period - Stopped by Maxime Daigneault without a rebound.
11:02 of 1st period - Aleksander Barkov wins face-off versus Brandon Sutter in Devils zone.
11:02 of 1st period - Aleksander Barkov is hit by Brandon Sutter.
11:31 of 1st period - Snap shot by Michael Frolik.
11:31 of 1st period - Shot Misses the Net.
11:35 of 1st period - Snap shot by Erik Haula.
11:35 of 1st period - Stopped by Maxime Daigneault with a rebound.
11:53 of 1st period - Snap shot by Eric Tangradi.
11:53 of 1st period - Deflect By Anton Lander.
11:53 of 1st period - Stopped by Jaroslav Halak without a rebound.
11:54 of 1st period - Anton Lander wins face-off versus Peter Regin in Senateurs zone.
11:57 of 1st period - Snap shot by Logan Shaw.
11:57 of 1st period - Shot Misses the Net.
11:59 of 1st period - Slapshot by Matt Donovan.
11:59 of 1st period - Shot Misses the Net.
12:01 of 1st period - Snap shot by Anton Lander.
12:01 of 1st period - Shot Blocked by Ole-Kristian Tollefsen.
12:03 of 1st period - Wrist shot by Logan Shaw.
12:03 of 1st period - Stopped by Jaroslav Halak without a rebound.
12:04 of 1st period - Aleksander Barkov wins face-off versus Brandon Sutter in Senateurs zone.
12:12 of 1st period - Minor Penalty to David Backes for Holding.
12:13 of 1st period - Brandon Sutter wins face-off versus Nazem Kadri in Senateurs zone.
13:02 of 1st period - Snap shot by Michael Del Zotto.
13:02 of 1st period - Stopped by Jaroslav Halak with a rebound.
13:04 of 1st period - Slapshot by Kristopher Letang.
13:04 of 1st period - Stopped by Jaroslav Halak with a rebound.
13:06 of 1st period - Slapshot by Michael Del Zotto.
13:06 of 1st period - Deflect By Derick Brassard.
13:06 of 1st period - Stopped by Jaroslav Halak with a rebound.
13:08 of 1st period - Snap shot by Kristopher Letang.
13:08 of 1st period - Shot Blocked by Derick Brassard.
13:10 of 1st period - Slapshot by Tyler Ennis.
13:10 of 1st period - Deflect By Nazem Kadri.
13:10 of 1st period - Stopped by Jaroslav Halak without a rebound.
13:11 of 1st period - Aleksander Barkov wins face-off versus Brandon Sutter in Senateurs zone.
13:34 of 1st period - Jonathan Huberdeau is hit by Erik Haula and loses puck.
14:12 of 1st period - Penalty to David Backes is over, David Backes is back on ice.
14:27 of 1st period - Wrist shot by Eric Tangradi.
14:27 of 1st period - Shot Misses the Net.
14:35 of 1st period - Ole-Kristian Tollefsen is hit by Brayden Point and loses puck.
14:46 of 1st period - Linden Vey is hit by Matt Donovan and loses puck.
15:12 of 1st period - Eric Tangradi is hit by Derick Brassard and loses puck.
16:54 of 1st period - Brandon Sutter is hit by Logan Shaw.
17:24 of 1st period - Jonathan Huberdeau is hit by Jordan Schmaltz and loses puck.
17:44 of 1st period - Aleksander Barkov is hit by Ladislav Smid and loses puck.
18:44 of 1st period - Marian Gaborik is hit by Eric Gelinas and loses puck.
18:51 of 1st period - Wrist shot by Tyler Ennis.
18:51 of 1st period - Stopped by Jaroslav Halak without a rebound.
18:52 of 1st period - Erik Haula wins face-off versus Brayden Point in Senateurs zone.
19:01 of 1st period - Wrist shot by Erik Haula.
19:01 of 1st period - Shot Misses the Net.
19:29 of 1st period - Wrist shot by David Backes.
19:29 of 1st period - Shot Blocked by Brandon Carlo.
19:41 of 1st period - Kristopher Letang is hit by Taylor Chorney and loses puck.
19:48 of 1st period - Taylor Chorney is hit by Nazem Kadri and loses puck.
Goals for this period are 0 for Devils vs 0 for Senateurs.
Shots for this period are 11 for Devils vs 5 for Senateurs.

2nd period


0:01 of 2nd period - Brandon Sutter wins face-off versus Nazem Kadri in neutral zone.
0:06 of 2nd period - Slapshot by Derick Brassard.
0:06 of 2nd period - Shot Misses the Net.
0:14 of 2nd period - Snap shot by David Backes.
0:14 of 2nd period - Stopped by Maxime Daigneault without a rebound.
0:15 of 2nd period - Brandon Sutter wins face-off versus Aleksander Barkov in Devils zone.
1:02 of 2nd period - Kristopher Letang is hit by Peter Regin and loses puck.
1:23 of 2nd period - Anton Lander is hit by Ole-Kristian Tollefsen and loses puck.
1:30 of 2nd period - Wrist shot by Brandon Sutter.
1:30 of 2nd period - Stopped by Maxime Daigneault with a rebound.
2:23 of 2nd period - Derick Brassard is hit by Brayden Point and loses puck.
2:50 of 2nd period - Snap shot by Riley Sheahan.
2:50 of 2nd period - Shot Misses the Net.
2:52 of 2nd period - Backhand shot by Ole-Kristian Tollefsen.
2:52 of 2nd period - Stopped by Maxime Daigneault without a rebound.
2:53 of 2nd period - Nazem Kadri wins face-off versus Brandon Sutter in Devils zone.
2:53 of 2nd period - Nazem Kadri is hit by Derick Brassard.
3:01 of 2nd period - Icing by Derick Brassard.
3:02 of 2nd period - Brandon Sutter wins face-off versus Nazem Kadri in Senateurs zone.
3:31 of 2nd period - Snap shot by Nazem Kadri.
3:31 of 2nd period - Stopped by Jaroslav Halak without a rebound.
3:32 of 2nd period - Erik Haula wins face-off versus Aleksander Barkov in Senateurs zone.
3:59 of 2nd period - Riley Sheahan is hit by Eric Tangradi and loses puck.
4:18 of 2nd period - Backhand shot by Tyler Ennis.
4:18 of 2nd period - Stopped by Jaroslav Halak without a rebound.
4:19 of 2nd period - Brandon Sutter wins face-off versus Nazem Kadri in Senateurs zone.
4:24 of 2nd period - Brandon Carlo is hit by Ole-Kristian Tollefsen and loses puck.
4:51 of 2nd period - Snap shot by Aleksander Barkov.
4:51 of 2nd period - Shot Blocked by Ole-Kristian Tollefsen.
5:14 of 2nd period - Michael Del Zotto is hit by Ryan Parent and loses puck.
5:25 of 2nd period - Jordan Schmaltz is hit by Anton Lander and loses puck.
5:30 of 2nd period - Snap shot by Anton Lander.
5:30 of 2nd period - Stopped by Jaroslav Halak with a rebound.
5:50 of 2nd period - Slapshot by Michael Frolik.
5:50 of 2nd period - Shot Misses the Net.
6:18 of 2nd period - Slapshot by Jonathan Huberdeau.
6:18 of 2nd period - Deflect By Aleksander Barkov.
6:18 of 2nd period - Stopped by Jaroslav Halak with a rebound.
6:52 of 2nd period - Matt Donovan is hit by David Backes and loses puck.
9:18 of 2nd period - Jordan Schmaltz is hit by Anton Stralman and loses puck.
9:49 of 2nd period - Snap shot by Sven Baertschi.
9:49 of 2nd period - Shot Misses the Net.
9:51 of 2nd period - Slapshot by Anton Stralman.
9:51 of 2nd period - Shot Blocked by Ryan Parent.
9:53 of 2nd period - Wrist shot by Logan Shaw.
9:53 of 2nd period - Stopped by Jaroslav Halak with a rebound.
9:55 of 2nd period - Snap shot by Logan Shaw.
9:55 of 2nd period - Shot Blocked by Derick Brassard.
9:57 of 2nd period - Slapshot by Logan Shaw.
9:57 of 2nd period - Stopped by Jaroslav Halak with a rebound.
9:59 of 2nd period - Wrist shot by Logan Shaw.
9:59 of 2nd period - Shot Misses the Net.
10:01 of 2nd period - Wrist shot by Anton Lander.
10:01 of 2nd period - Shot Blocked by Jordan Schmaltz.
10:03 of 2nd period - Wrist shot by Anton Lander.
10:03 of 2nd period - Stopped by Jaroslav Halak without a rebound.
10:04 of 2nd period - Aleksander Barkov wins face-off versus Erik Haula in Senateurs zone.
10:15 of 2nd period - Wrist shot by Jonathan Huberdeau.
10:15 of 2nd period - Shot Blocked by Eric Gelinas.
10:21 of 2nd period - Snap shot by Michael Frolik.
10:21 of 2nd period - Stopped by Maxime Daigneault with a rebound.
11:00 of 2nd period - Icing by Brayden Point.
11:01 of 2nd period - Brayden Point wins face-off versus Rostislav Olesz in Devils zone.
11:38 of 2nd period - Backhand shot by Jonathan Huberdeau.
11:38 of 2nd period - Stopped by Jaroslav Halak without a rebound.
11:39 of 2nd period - Brandon Sutter wins face-off versus Nazem Kadri in Senateurs zone.
11:52 of 2nd period - Snap shot by David Backes.
11:52 of 2nd period - Stopped by Maxime Daigneault with a rebound.
12:00 of 2nd period - Derick Brassard is hit by Tyler Ennis and loses puck.
12:25 of 2nd period - Wrist shot by Rostislav Olesz.
12:25 of 2nd period - Stopped by Maxime Daigneault with a rebound.
12:43 of 2nd period - Michael Del Zotto is hit by Riley Sheahan and loses puck.
12:56 of 2nd period - Thomas Hickey is hit by Eric Gelinas and loses puck.
13:25 of 2nd period - Wrist shot by Tyler Ennis.
13:25 of 2nd period - Stopped by Jaroslav Halak with a rebound.
13:31 of 2nd period - Minor Penalty to Ladislav Smid for Hooking.
13:32 of 2nd period - Brandon Sutter wins face-off versus Nazem Kadri in Senateurs zone.
13:45 of 2nd period - Wrist shot by Nazem Kadri.
13:45 of 2nd period - Goal by Nazem Kadri - Devils : 1 - Senateurs : 0.
13:46 of 2nd period - Brandon Sutter wins face-off versus Nazem Kadri in neutral zone.
13:58 of 2nd period - Minor Penalty to Anton Stralman for Cross-checking.
13:59 of 2nd period - Anton Lander wins face-off versus Brandon Sutter in Devils zone.
14:32 of 2nd period - Off-side.
14:33 of 2nd period - Michael Frolik wins face-off versus Anton Lander in neutral zone.
15:00 of 2nd period - David Backes is hit by Jason Pominville and loses puck.
15:21 of 2nd period - Matt Donovan is hit by Eric Gelinas and loses puck.
15:58 of 2nd period - Penalty to Anton Stralman is over, Anton Stralman is back on ice.
16:11 of 2nd period - Off-side.
16:12 of 2nd period - Nazem Kadri wins face-off versus Peter Regin in neutral zone.
16:27 of 2nd period - Wrist shot by Tyler Ennis.
16:27 of 2nd period - Goal by Tyler Ennis - Devils : 2 - Senateurs : 0.
16:28 of 2nd period - Brandon Sutter wins face-off versus Aleksander Barkov in neutral zone.
16:33 of 2nd period - Jonathan Huberdeau is hit by David Backes and loses puck.
16:54 of 2nd period - Erik Haula is hit by Kristopher Letang and loses puck.
17:04 of 2nd period - Minor Penalty to Rostislav Olesz for High sticking.
17:05 of 2nd period - Nazem Kadri wins face-off versus Erik Haula in Senateurs zone.
17:13 of 2nd period - Snap shot by Nazem Kadri.
17:13 of 2nd period - Shot Blocked by Ole-Kristian Tollefsen.
17:15 of 2nd period - Snap shot by Nazem Kadri.
17:15 of 2nd period - Stopped by Jaroslav Halak with a rebound.
17:17 of 2nd period - Snap shot by Tyler Ennis.
17:17 of 2nd period - Stopped by Jaroslav Halak with a rebound.
17:19 of 2nd period - Slapshot by Michael Del Zotto.
17:19 of 2nd period - Stopped by Jaroslav Halak with a rebound.
17:21 of 2nd period - Slapshot by Kristopher Letang.
17:21 of 2nd period - Stopped by Jaroslav Halak without a rebound.
17:22 of 2nd period - Nazem Kadri wins face-off versus Brandon Sutter in Senateurs zone.
17:49 of 2nd period - Slapshot by Jonathan Huberdeau.
17:49 of 2nd period - Deflect By Aleksander Barkov.
17:49 of 2nd period - Stopped by Jaroslav Halak without a rebound.
17:50 of 2nd period - Aleksander Barkov wins face-off versus Erik Haula in Senateurs zone.
17:51 of 2nd period - Snap shot by Jonathan Huberdeau.
17:51 of 2nd period - Shot Misses the Net.
18:31 of 2nd period - Snap shot by Aleksander Barkov.
18:31 of 2nd period - Shot Misses the Net.
19:04 of 2nd period - Penalty to Rostislav Olesz is over, Rostislav Olesz is back on ice.
19:19 of 2nd period - Jonathan Huberdeau is hit by Ladislav Smid and loses puck.
19:30 of 2nd period - Wrist shot by Aleksander Barkov.
19:30 of 2nd period - Shot Misses the Net.
19:32 of 2nd period - Backhand shot by Nick Palmieri.
19:32 of 2nd period - Stopped by Jaroslav Halak without a rebound.
19:33 of 2nd period - Peter Regin wins face-off versus Nazem Kadri in Senateurs zone.
19:38 of 2nd period - Wrist shot by Nazem Kadri.
19:38 of 2nd period - Shot Blocked by Ryan Parent.
19:50 of 2nd period - Snap shot by Peter Regin.
19:50 of 2nd period - Shot Misses the Net.
Goals for this period are 2 for Devils vs 0 for Senateurs.
Shots for this period are 17 for Devils vs 6 for Senateurs.

3rd period


0:01 of 3rd period - Nick Palmieri wins face-off versus Brandon Sutter in neutral zone.
0:27 of 3rd period - Minor Penalty to Michael Frolik for Holding.
0:28 of 3rd period - Brandon Sutter wins face-off versus Nazem Kadri in Senateurs zone.
0:33 of 3rd period - Marian Gaborik is hit by Ladislav Smid and loses puck.
0:40 of 3rd period - Slapshot by Kristopher Letang.
0:40 of 3rd period - Stopped by Jaroslav Halak without a rebound.
0:41 of 3rd period - Brandon Sutter wins face-off versus Nazem Kadri in Senateurs zone.
0:48 of 3rd period - Slapshot by Eric Gelinas.
0:48 of 3rd period - Goal by Eric Gelinas - Devils : 2 - Senateurs : 1.
0:49 of 3rd period - Nazem Kadri wins face-off versus Brandon Sutter in neutral zone.
1:30 of 3rd period - Ladislav Smid is hit by Michael Del Zotto.
2:27 of 3rd period - Penalty to Michael Frolik is over, Michael Frolik is back on ice.
2:29 of 3rd period - Icing by Eric Gelinas.
2:30 of 3rd period - Nazem Kadri wins face-off versus Peter Regin in Senateurs zone.
2:46 of 3rd period - Jordan Schmaltz is hit by Jason Pominville and loses puck.
3:31 of 3rd period - Taylor Chorney is hit by Logan Shaw and loses puck.
4:09 of 3rd period - Snap shot by Riley Sheahan.
4:09 of 3rd period - Shot Blocked by Jonathan Huberdeau.
4:11 of 3rd period - Wrist shot by Peter Regin.
4:11 of 3rd period - Shot Misses the Net.
4:13 of 3rd period - Wrist shot by Tim Schaller.
4:13 of 3rd period - Deflect By Peter Regin.
4:13 of 3rd period - Shot Misses the Net.
4:13 of 3rd period - Puck is out of play.
4:14 of 3rd period - Rostislav Olesz wins face-off versus Aleksander Barkov in Devils zone.
4:15 of 3rd period - Slapshot by Michael Frolik.
4:15 of 3rd period - Stopped by Maxime Daigneault without a rebound.
4:16 of 3rd period - Michael Frolik wins face-off versus Nick Palmieri in Devils zone.
5:04 of 3rd period - Wrist shot by Tim Schaller.
5:04 of 3rd period - Shot Misses the Net.
5:06 of 3rd period - Wrist shot by Tim Schaller.
5:06 of 3rd period - Stopped by Maxime Daigneault with a rebound.
5:22 of 3rd period - Wrist shot by Jordan Martinook.
5:22 of 3rd period - Stopped by Maxime Daigneault without a rebound.
5:23 of 3rd period - Linden Vey wins face-off versus Anton Lander in Devils zone.
5:26 of 3rd period - Snap shot by Garnet Hathaway.
5:26 of 3rd period - Stopped by Maxime Daigneault with a rebound.
5:28 of 3rd period - Slapshot by Ladislav Smid.
5:28 of 3rd period - Stopped by Maxime Daigneault with a rebound.
5:30 of 3rd period - Snap shot by Eric Gelinas.
5:30 of 3rd period - Stopped by Maxime Daigneault with a rebound.
5:32 of 3rd period - Slapshot by Jordan Martinook.
5:32 of 3rd period - Shot Blocked by Matt Donovan.
5:34 of 3rd period - Slapshot by Garnet Hathaway.
5:34 of 3rd period - Shot Misses the Net.
5:36 of 3rd period - Slapshot by Ladislav Smid.
5:36 of 3rd period - Stopped by Maxime Daigneault without a rebound.
5:37 of 3rd period - Brandon Sutter wins face-off versus Nazem Kadri in Devils zone.
5:55 of 3rd period - Minor Penalty to Marian Gaborik for Slashing.
5:56 of 3rd period - Brandon Sutter wins face-off versus Anton Lander in Devils zone.
6:10 of 3rd period - Snap shot by David Backes.
6:10 of 3rd period - Stopped by Maxime Daigneault without a rebound.
6:11 of 3rd period - Anton Lander wins face-off versus Erik Haula in Devils zone.
7:55 of 3rd period - Penalty to Marian Gaborik is over, Marian Gaborik is back on ice.
9:04 of 3rd period - Tyler Ennis is hit by Ryan Parent and loses puck.
9:44 of 3rd period - Off-side.
9:45 of 3rd period - Aleksander Barkov wins face-off versus Brandon Sutter in neutral zone.
9:56 of 3rd period - Snap shot by Jonathan Huberdeau.
9:56 of 3rd period - Shot Misses the Net.
10:23 of 3rd period - Off-side.
10:24 of 3rd period - Brayden Point wins face-off versus Erik Haula in neutral zone.
10:51 of 3rd period - Riley Sheahan is hit by Thomas Hickey and loses puck.
11:12 of 3rd period - Eric Gelinas is hit by Tyler Ennis and loses puck.
11:21 of 3rd period - Slapshot by Ladislav Smid.
11:21 of 3rd period - Deflect By Jordan Martinook.
11:21 of 3rd period - Shot Misses the Net.
11:21 of 3rd period - Puck is out of play.
11:22 of 3rd period - Nazem Kadri wins face-off versus Brandon Sutter in Devils zone.
11:49 of 3rd period - Slapshot by Eric Tangradi.
11:49 of 3rd period - Stopped by Jaroslav Halak with a rebound.
11:51 of 3rd period - Slapshot by Brayden Point.
11:51 of 3rd period - Stopped by Jaroslav Halak with a rebound.
11:53 of 3rd period - Snap shot by Eric Tangradi.
11:53 of 3rd period - Stopped by Jaroslav Halak without a rebound.
11:54 of 3rd period - Brayden Point wins face-off versus Erik Haula in Senateurs zone.
12:11 of 3rd period - Snap shot by Michael Frolik.
12:11 of 3rd period - Shot Misses the Net.
12:25 of 3rd period - Slapshot by Aleksander Barkov.
12:25 of 3rd period - Shot Blocked by Riley Sheahan.
12:27 of 3rd period - Slapshot by Jonathan Huberdeau.
12:27 of 3rd period - Goal by Jonathan Huberdeau - Devils : 3 - Senateurs : 1.
12:28 of 3rd period - Brandon Sutter wins face-off versus Aleksander Barkov in neutral zone.
12:55 of 3rd period - Eric Gelinas is hit by Michael Del Zotto and loses puck.
13:01 of 3rd period - Off-side.
13:02 of 3rd period - Nazem Kadri wins face-off versus Erik Haula in neutral zone.
13:05 of 3rd period - Backhand shot by Marian Gaborik.
13:05 of 3rd period - Shot Misses the Net.
13:21 of 3rd period - Snap shot by Tyler Ennis.
13:21 of 3rd period - Stopped by Jaroslav Halak without a rebound.
13:22 of 3rd period - Brandon Sutter wins face-off versus Aleksander Barkov in Senateurs zone.
13:39 of 3rd period - Snap shot by Jonathan Huberdeau.
13:39 of 3rd period - Shot Blocked by Eric Gelinas.
13:49 of 3rd period - Brandon Carlo is hit by Michael Frolik and loses puck.
14:16 of 3rd period - Snap shot by Tim Schaller.
14:16 of 3rd period - Goal by Tim Schaller - Devils : 3 - Senateurs : 2.
14:17 of 3rd period - Aleksander Barkov wins face-off versus Brandon Sutter in neutral zone.
14:52 of 3rd period - Wrist shot by Michael Frolik.
14:52 of 3rd period - Stopped by Maxime Daigneault without a rebound.
14:53 of 3rd period - Nazem Kadri wins face-off versus Brandon Sutter in Devils zone.
15:22 of 3rd period - Wrist shot by Ole-Kristian Tollefsen.
15:22 of 3rd period - Stopped by Maxime Daigneault with a rebound.
15:48 of 3rd period - Snap shot by Jonathan Huberdeau.
15:48 of 3rd period - Stopped by Jaroslav Halak with a rebound.
16:00 of 3rd period - Wrist shot by Tyler Ennis.
16:00 of 3rd period - Stopped by Jaroslav Halak with a rebound.
17:09 of 3rd period - Derick Brassard is hit by Anton Stralman and loses puck.
18:50 of 3rd period - Senateurs, Jaroslav Halak is pulled from the net.
19:32 of 3rd period - Slapshot by Derick Brassard.
19:32 of 3rd period - Shot Blocked by Michael Del Zotto.
19:36 of 3rd period - Snap shot by Derick Brassard.
19:36 of 3rd period - Shot Misses the Net.
19:38 of 3rd period - Wrist shot by David Backes.
19:38 of 3rd period - Deflect By Anton Lander.
19:38 of 3rd period - Stopped by Maxime Daigneault with a rebound.
19:40 of 3rd period - Slapshot by Jordan Schmaltz.
19:40 of 3rd period - Shot Misses the Net.
Goals for this period are 1 for Devils vs 2 for Senateurs.
Shots for this period are 8 for Devils vs 13 for Senateurs.